 Dungeon Crawl Stone Soup version 0.25-a0-474-ga8a2ee3166 (webtiles) character file.

Game seed: 2120808901836314991, levelgen mode: deterministic

123 kae the Insei (level 4, -2/35 HPs)
             Began as a Draconian Transmuter on Feb 7, 2020.
             Slain by an orc
             ... wielding a +0 short sword
              (6 damage)
             ... on level 3 of the Dungeon.
             The game lasted 00:01:42 (2176 turns).

kae the Insei (Draconian Transmuter)                Turns: 2176, Time: 00:01:43

Health: -2/35      AC:  5    Str: 12    XL:     4   Next: 79%
Magic:  7/7        EV: 17    Int: 13    God:
Gold:   106        SH:  0    Dex: 18    Spells: 6/7 levels left

rFire    + . .     SeeInvis .   u - +2 whip (vamp)
rCold    + . .     Gourm    .   (no shield)
rNeg     . . .     Faith    .   (armour unavailable)
rPois    +         Spirit   .   (helmet restricted)
rElec    +         Reflect  .   (no cloak)
rCorr    +         Harm     .   (no gloves)
MR       .....                  (no boots)
Stlth    +++.......             l - amulet of the acrobat
HPRegen  0.11/turn              (no ring)
MPRegen  0.10/turn              (no ring)

@: agile, lethally poisoned (-2 -> -12), appendage, resistant, flying
A: unfitting armour, horns 2, cold-blooded, AC +5
a: End Transformation


You were on level 3 of the Dungeon.
You were not hungry.
You had grown temporary horns.
You visited 1 branch of the dungeon, and saw 3 of its levels.

You collected 106 gold pieces.

Inventory:

Hand Weapons
 e - a +0 dagger of speed
 u - a +2 vampiric whip (weapon)
Missiles
 a - 12 arrows
Jewellery
 l - an amulet of the acrobat (around neck)
 t - an uncursed amulet of rage {unknown}
 v - an uncursed ring of resist corrosion {unknown}
Scrolls
 d - a scroll of fear {unknown}
 f - 2 scrolls of remove curse {unknown}
 h - a scroll of immolation {unknown}
 i - a scroll of enchant weapon {unknown}
 j - a scroll of magic mapping {unknown}
 k - a scroll of amnesia {unknown}
 m - a scroll of noise {unknown}
 n - a scroll of teleportation {unknown}
 p - 3 scrolls of identify {unknown}
 s - 2 scrolls of fog {unknown}
Potions
 g - 3 potions of resistance
 r - 2 potions of curing {unknown}
Comestibles
 c - 6 rations


   Skills:
 - Level 1.1 Fighting
 - Level 1.7 Dodging
 + Level 4.4 Unarmed Combat
 - Level 2.0 Spellcasting
 + Level 3.8 Transmutations


You had 6 spell levels left.
You knew the following spells:

 Your Spells              Type           Power        Failure   Level  Hunger
a - Beastly Appendage     Tmut           ##....       5%          1    ##.....

Your spell library contained the following spells:

 Spells                   Type           Power        Failure   Level  Hunger
 Sticks to Snakes         Tmut           ##......     8%          2    ###....
 Spider Form              Tmut/Pois      #.........   34%         3    ####...
 Ice Form                 Ice/Tmut       #.......     75%         4    #####..
 Blade Hands              Tmut           ##........   82%         5    ######.


Dungeon Overview and Level Annotations

Branches:
Dungeon (3/15)

Altars:


Innate Abilities, Weirdness & Mutations

Your plain brown scales are hard. (AC +5)
You cannot fit into any form of body armour.
You are cold-blooded and may be slowed by cold attacks.
You have a pair of horns on your head.


Message History

The orc hits you with a +0 short sword.
The orc priest miscasts a cantrip.
You closely miss the orc priest. Your headbutt misses the orc priest.
The orc priest is severely wounded.
The orc hits you with a +0 short sword.
The orc priest hits you with a +2 dagger of venom.
You are more poisoned.
You hit the orc priest but do no damage.
You headbutt the orc priest.
The orc priest is severely wounded.
You feel sick. The orc hits you but does no damage.
The orc priest calls down the wrath of Beogh upon you.
Pain shoots through your body!
* * * LOW HITPOINT WARNING * * *
The orc closely misses you.
You hit the orc priest.
You feel better.
You headbutt the orc priest.
You kill the orc priest!
* * * LOW HITPOINT WARNING * * *
You feel sick. The orc hits you with a +0 short sword.
You die...

.. .# ...... .#
...... ##.#
...... #..#####
...<.. #......#
....o. ###o.....#
=.....##†o@.....#
#.).##%....#
#<### .....# #.#
.##### ..# .#
.### ## .# #. .


You could see an orc priest and an orc.

Vanquished Creatures
  An orc priest (D:3)
  An adder (D:2)
  An ooze (D:2)
  3 worms (D:2)
  2 dart slugs
  3 leopard geckos (D:1)
  An orc (D:3)
  7 bats
  3 giant cockroaches
  10 goblins
  4 hobgoblins
  4 jackals (D:3)
  9 kobolds
  A quokka (D:2)
  4 frilled lizards
  4 rats
58 creatures vanquished.

Notes
Turn   | Place    | Note
-------+----------+-------------------------------------------
     0 | D:1      | kae the Draconian Transmuter began the quest for the Orb.
     0 | D:1      | Reached XP level 1. HP: 16/16 MP: 3/3
   478 | D:1      | Reached XP level 2. HP: 19/23 MP: 5/5
  1025 | D:1      | Reached XP level 3. HP: 25/28 MP: 6/6
  1676 | D:2      | Reached skill level 4 in Unarmed Combat
  1744 | D:2      | Reached XP level 4. HP: 35/35 MP: 5/7
  2176 | D:3      | Slain by an orc

Levels and vault maps discovered:
D:1:      evilmike_arrival_fibonacci_small, layout_basic, grunt_decor_arrowhead,
          hex_tiny, palyth_stone_intersect, serial_bayou_pond_e,
          minmay_tetromino_l4
D:2:      layout_basic
D:3:      layout_rooms, serial_bayou_pond_b

Skill      XL: |  1  2  3 |
---------------+----------+-----
Transmutations | 3 |  3.8
Unarmed Combat | 4 |  4.4
Fighting       | |  1.1
Dodging        | |  1.7
Spellcasting   | |  2.0

Action                   |  1- 3 |  4- 6 || total
-------------------------+-------+-------++-------
Melee: Dagger            |   123 |       ||   123
       Unarmed           |    11 |       ||    11
       Tailslap          |    20 |     6 ||    26
       Punch             |     2 |     1 ||     3
       Kick              |     6 |     2 ||     8
       Headbutt          |     2 |     4 ||     6
       Whip              |    44 |    62 ||   106
 Cast: Beastly Appendage |    19 |     6 ||    25
  Use: Potion            |       |     4 ||     4
  Eat: Chunk             |     3 |     2 ||     5
Armor: Skin              |    62 |    18 ||    80
Dodge: Dodged            |   144 |    72 ||   216

Table legend:
 A = Non-vault XP
 B = Vault XP
 C = Vault XP percentage of total XP
 D = Non-vault monster count
 E = Vault monster count
 F = Vault count percentage of total count
                 A         B        C        D         E       F
            +---------+---------+-------+---------+---------+-------
      Total |     171 |       5 |   2.8 |      54 |       4 |   6.9
            +---------+---------+-------+---------+---------+-------
        D:1 |      46 |       5 |   9.8 |      22 |       4 |  15.4
        D:2 |      65 |       0 |   0.0 |      21 |       0 |   0.0
        D:3 |      60 |       0 |   0.0 |      11 |       0 |   0.0
            +---------+---------+-------+---------+---------+-------
